 Dungeon Crawl Stone Soup version 0.19-a0-1442-g3b32ff5 (webtiles) character file.

273 Amnesiac the Insei (level 6, 0/38 HPs)
             Began as an Octopode Transmuter on Sept 6, 2016.
             Succumbed to a scorpion's poison
             ... on level 4 of the Dungeon.
             The game lasted 00:03:25 (1718 turns).

Amnesiac the Insei (Octopode Transmuter)            Turns: 1718, Time: 00:03:25

Health: 0/38       AC:  1    Str:  9      XL:     6   Next: 24%
Magic:  7/9        EV: 13    Int: 14 (15) God:
Gold:   38         SH:  0    Dex: 13 (15) Spells: 3 memorised, 3 levels left

rFire  . . .     SeeInvis .       - Unarmed
rCold  . . .     Gourm    .     (no shield)
rNeg   . . .     Faith    .     (helmet restricted)
rPois  .         Spirit   .     (no amulet)
rElec  .         Dismiss  .     j - ring of wizardry
rCorr  +         Reflect  .     m - ring of resist corrosion
MR     .....     Harm     .     (no ring)
Stlth  ++........               (no ring)
                                (no ring)
                                (no ring)
                                (no ring)
                                (no ring)

@: lethally poisoned (0 -> -14)
A: almost no armour, stealthy swim, amphibious, 8 rings, constrict 8, camouflage
1, gelatinous body 1
a: no special abilities


You were on level 4 of the Dungeon.
You were not hungry.

You visited 1 branch of the dungeon, and saw 4 of its levels.

You collected 38 gold pieces.

Inventory:

Hand Weapons
 n - a +2 spear of venom
Missiles
 a - 12 arrows
Jewellery
 j - a ring of wizardry (left tentacle)
 m - a ring of resist corrosion (right tentacle)
Scrolls
 d - a scroll of immolation {unknown}
 g - 2 scrolls of remove curse {unknown}
 h - 4 scrolls of identify {unknown}
 l - 2 scrolls of teleportation {unknown}
Books
 b - a book of Changes

   Spells                             Type                      Level
   a - Beastly Appendage              Transmutation                1
   b - Sticks to Snakes               Transmutation                2
   c - Spider Form                    Transmutation/Poison         3
   d - Ice Form                       Ice/Transmutation            4
   e - Blade Hands                    Transmutation                5
Comestibles
 c - 4 bread rations
 i - a chunk of flesh
 k - a meat ration


   Skills:
 - Level 1.0 Fighting
 - Level 2.0 Dodging
 + Level 5.8 Unarmed Combat
 - Level 2.0 Spellcasting
 - Level 4.0 Transmutations


You had 3 spell levels left.
You knew the following spells:

 Your Spells              Type           Power        Failure   Level  Hunger
a - Beastly Appendage     Tmut           ##....       1%          1    ##.....
d - Sticks to Snakes      Tmut           ##......     4%          2    ###....
e - Spider Form           Tmut/Pois      #.........   12%         3    ####...


Dungeon Overview and Level Annotations

Branches:
Dungeon (4/15)
 Temple: D:4-7

Altars:
Vehumet

Annotations:
D:2 1 runed door


Innate Abilities, Weirdness & Mutations

You cannot wear most types of armour.
You are very stealthy in the water.
You are amphibious.
You can wear up to eight rings at the same time.
You can use your tentacles to constrict eight enemies at once.
Your skin changes colour to match your surroundings (Stealth+).
Your rubbery body absorbs attacks. (AC +1, EV +1)


Message History

Unknown command.
Okay, then.
You aren't carrying any potions.
Unknown command.
Okay, then.
There is a lethal amount of poison in your body!
There is a lethal amount of poison in your body!
* * * LOW HITPOINT WARNING * * *
You feel sick.
* * * LOW HITPOINT WARNING * * *
You feel sick.
You see here a flail.
Your transformation has ended.
* * * LOW HITPOINT WARNING * * *
You feel sick.
* * * LOW HITPOINT WARNING * * *
You feel sick.
Things that are here:
a dagger; a robe You die...

##### #.... ######## #.### ######
#......# #.# #....# #......# #.#
#####....###########......###.###
.........'.†..))@.........'......
##......#######..........##.....
###'#....# #..........###....
[.....#### #####......# #..##
......# #......###.... ......#
#.......##..## ......#
#.[.....##...# ......#
###.....##.... ....#'#
#.....##.#.#


There were no monsters in sight!

Vanquished Creatures
  A scorpion (D:4)
  A gnoll shaman (D:4)
  Ijyb (D:3)
  An orc wizard (D:4)
  2 worker ants (D:4)
  5 gnolls (D:4)
  2 adders
  The ghost of Amnesiac the Insei, a weakling OpTm (D:4)
  11 orcs
  A giant cockroach (D:4)
  3 goblins
  A quokka (D:2)
  2 bats (D:3)
  3 rats
35 creatures vanquished.

Notes
Turn   | Place    | Note
-------+----------+-------------------------------------------
     0 | D:1      | Amnesiac the Octopode Transmuter began the quest for the Orb.
     0 | D:1      | Reached XP level 1. HP: 13/13 MP: 3/3
   191 | D:2      | Found a runed door.
   483 | D:3      | Reached XP level 2. HP: 18/18 MP: 3/5
   487 | D:3      | Learned a level 2 spell: Sticks to Snakes
   490 | D:3      | Noticed Ijyb
   541 | D:3      | Reached XP level 3. HP: 15/23 MP: 6/6
   577 | D:2      | Learned a level 3 spell: Spider Form
   708 | D:3      | Killed Ijyb
   794 | D:3      | Found a radiant altar of Vehumet.
   882 | D:4      | Reached XP level 4. HP: 18/28 MP: 2/7
  1195 | D:4      | Noticed Amnesiac's ghost (weakling OpTm)
  1195 | D:4      | Reached skill level 4 in Unarmed Combat
  1214 | D:4      | Reached XP level 5. HP: 19/33 MP: 3/8
  1216 | D:4      | Killed Amnesiac's ghost
  1537 | D:4      | Reached skill level 5 in Unarmed Combat
  1542 | D:4      | HP: 1/33 [poisoned by an adder]
  1544 | D:4      | Reached XP level 6. HP: 7/38 MP: 4/9
  1717 | D:4      | HP: 1/38 [poisoned by a scorpion]
  1718 | D:4      | Succumbed to a scorpion's poison

Vault maps used:
D:1:      minmay_arrival_jagged, evilmike_ruin_ashenzari
D:2:      uniq_crazy_yiuf_cottage
D:3:      kennysheep_flooded_box, minmay_misc_feat_chi, uniq_iyjb
D:4:      first_bread, kennysheep_slug_shrine

Skill      XL: |  1  2  3  4  5 |
---------------+----------------+-----
Transmutations | 3 4 |  4.0
Unarmed Combat | 4 5 |  5.8
Fighting       | |  1.0
Dodging        | |  2.0
Spellcasting   | |  2.0

Action                   |  1- 3 |  4- 6 || total
-------------------------+-------+-------++-------
Melee: Unarmed           |    56 |    55 ||   111
       Constrict         |     8 |     1 ||     9
       Kick              |    13 |       ||    13
       Tentacles         |     5 |     1 ||     6
       Punch             |     3 |       ||     3
 Cast: Beastly Appendage |     7 |       ||     7
       Spider Form       |     3 |     9 ||    12
 Abil: End Transformatio |       |     1 ||     1
  Use: Potion            |       |     3 ||     3
  Eat: Chunk             |       |     4 ||     4
Armor: Skin              |     3 |     2 ||     5
Dodge: Dodged            |    42 |    40 ||    82
